 Dungeon Crawl Stone Soup version 0.31.0-11-ge490571c62 (webtiles) character file.

Game seed: 14178576852269731803

53 qw the Shooter (level 3, -1/18 HPs)
             Began as a Spriggan Hunter on Feb 4, 2024.
             Slain by a goblin
             ... wielding a +0 dagger
             ... led by Robin
              (4 damage)
             ... on level 2 of the Dungeon.
             The game lasted 00:00:03 (940 turns).

qw the Shooter (Spriggan Hunter)                     Turns: 940, Time: 00:00:03

Health: -1/18      AC:  2    Str:  7    XL:     3   Next: 62%
Magic:  4/4        EV: 19    Int: 10    God:
Gold:   98         SH:  0    Dex: 20    Spells: 2/2 levels left

rFire   . . .        a - +0 shortbow
rCold   . . .        (shield currently unavailable)
rNeg    . . .        c - +0 robe
rPois   .            (helmet restricted)
rElec   .            (no cloak)
rCorr   .            (gloves unavailable)
SInv    +            (boots unavailable)
Will    .....        (no amulet)
Stlth   ++           (no ring)
HPRegen 0.23/turn    (no ring)
MPRegen 0.09/turn

%: no passive effects
@: very quick
A: very small, no large weapons, unfitting armour, see invisible, speed 3
a: no special abilities


You were on level 2 of the Dungeon.
You visited 1 branch of the dungeon, and saw 2 of its levels.

You collected 98 gold pieces.


Innate Abilities, Weirdness & Mutations

You are very small and have problems with some larger weapons.
You are too small for most types of armour.
You have supernaturally acute eyesight. (SInv)
You cover ground extremely quickly. (Speed+++)


   Skills:
 - Level 1.5 Fighting
 + Level 4.9 Ranged Weapons
 - Level 4.0 Dodging
 - Level 1.5 Stealth


You had 2 spell levels left.
You didn't know any spells.
Your spell library was empty.

Inventory:

Hand Weapons
 a - a +0 shortbow (weapon)
Armour
 c - a +0 robe (worn)

Dungeon Overview and Level Annotations

Branches:
Dungeon (2/15)

Altars:


Message History

You shoot an arrow. The arrow barely misses the hobgoblin.
The arrow hits the goblin.
The goblin is severely wounded.
The hobgoblin barely misses you. The goblin misses you.
The hobgoblin closely misses you.
You shoot an arrow. The arrow hits the hobgoblin!
You kill the hobgoblin!
The hobgoblin completely misses you. The goblin misses you.
The goblin hits you but does no damage. The hobgoblin misses you.
You shoot an arrow. The arrow closely misses the goblin.
The goblin misses you. The hobgoblin hits you.
The goblin hits you but does no damage. The goblin barely misses you.
The hobgoblin misses you.
You shoot an arrow. The arrow barely misses the goblin.
The hobgoblin misses you. The goblin misses you.
The goblin closely misses you. x2
The hobgoblin hits you.
You shoot an arrow. The arrow barely misses the goblin.
The hobgoblin completely misses you. The goblin closely misses you.
The goblin barely misses you. The hobgoblin completely misses you.
The goblin misses you. The hobgoblin closely misses you.
The goblin closely misses you. The goblin misses you.
The hobgoblin closely misses you. The goblin hits you with a +0 club.
You shoot an arrow. The arrow hits the goblin.
You kill the goblin!
The goblin no longer looks unusually strong.
The goblin barely misses you. The hobgoblin closely misses you.
The hobgoblin misses you. The goblin closely misses you.
You shoot an arrow. The arrow barely misses the goblin.
The goblin no longer looks unusually strong.
The goblin hits you but does no damage. The hobgoblin closely misses you.
The goblin misses you. The hobgoblin completely misses you.
The goblin closely misses you.
You shoot an arrow. The arrow completely misses the goblin.
The hobgoblin closely misses you. The goblin completely misses you.
The goblin hits you but does no damage. The hobgoblin completely misses you.
The goblin hits you but does no damage.
You shoot an arrow. The arrow hits the goblin!
You kill the goblin!
The hobgoblin barely misses you. The goblin hits you with a +0 dagger.
You die...

...#..........#
...#..........# ....
......%.......# ...#
...#..........# ...#
.............# )..#
#..........# ...#
####.)........###)..#
#.............##g)..####
#.....##.#######@g......
#.....##.##### #gg......
#...#.##.%...# #........
###.#.##.%...# #%...####
#.#.##.....###....#
#.#.##......%.....#
#.#.##..<...##....#
#.#.##......##....#
#.#.##......####.##


You could see 2 hobgoblins and 2 goblins.

Vanquished Creatures
  Robin (D:2)
  A ribbon worm (D:2)
  8 ball pythons
  An endoplasm (D:1)
  3 giant cockroaches
  9 goblins
  A hobgoblin (D:2)
  3 jackals (D:2)
  3 kobolds (D:1)
  3 bats
  2 frilled lizards
  3 rats
38 creatures vanquished.

Notes
Turn   | Place    | Note
-------+----------+-------------------------------------------
     0 | D:1      | qw the Spriggan Hunter began the quest for the Orb.
     0 | D:1      | Reached XP level 1. HP: 10/10 MP: 2/2
     0 | D:1      | 0 ||| qw: Version: 0.3-a-160-g6735b56
     0 | D:1      | 0 ||| qw: Game counter: 4412
     0 | D:1      | 0 ||| qw: Melee chars always use a shield: true
     0 | D:1      | 0 ||| qw: God list: Okawaru
     0 | D:1      | 0 ||| qw: Allow faded altars: false
     0 | D:1      | 0 ||| qw: Do Orc after clearing Dungeon:15 true
     0 | D:1      | 0 ||| qw: Do second Lair branch before Depths: true
     0 | D:1      | 0 ||| qw: Lair rune preference: random
     0 | D:1      | 0 ||| qw: Goals: Normal
     0 | D:1      | 0 ||| PLANNING D:1-11
    50 | D:1      | Reached skill level 3 in Dodging
   165 | D:1      | Reached XP level 2. HP: 14/14 MP: 3/3
   692 | D:1      | Found a faded altar of an unknown god.
   813 | D:1      | 813 ||| READING scroll labelled VODAN FYREH.
   813 | D:1      | 813 ||| ENCHANTING +0 shortbow.
   814 | D:1      | 814 ||| DROPPING scroll of butterflies.
   874 | D:2      | Reached XP level 3. HP: 18/18 MP: 4/4
   920 | D:2      | Noticed Robin
   931 | D:2      | Killed Robin
   936 | D:2      | HP: 2/18 [goblin/+0 club[Robin] (3)]
   940 | D:2      | Slain by a goblin

Levels and vault maps discovered:
D:1:      minmay_arrival_open_corners, layout_loops_corners,
          shapermc_ecumenical_altar_acropolis
D:2:      layout_basic, serial_shops, nicolae_shop_waterfront,
          minmay_close_crescents, uniq_sigmund, uniq_robin,
          uniq_crazy_yiuf_cottage

Skill      XL: |  1  2 |
---------------+-------+-----
Dodging        | 3 4 |  4.0
Fighting       | |  1.5
Ranged Weapons | |  4.9
Stealth        | |  1.5

Action                     || total
---------------------------++-------
   Fire: Shortbow          ||    98
    Use: Scroll            ||     1
 Armour: Robe              ||    16
  Dodge: Dodged            ||    61

Table legend:
 A = Non-vault XP
 B = Vault XP
 C = Vault XP percentage of total XP
 D = Non-vault monster count
 E = Vault monster count
 F = Vault count percentage of total count
                 A         B        C        D         E       F
            +---------+---------+-------+---------+---------+-------
      Total |      51 |      27 |  34.6 |      31 |       7 |  18.4
            +---------+---------+-------+---------+---------+-------
        D:1 |      31 |       0 |   0.0 |      20 |       0 |   0.0
        D:2 |      20 |      27 |  57.4 |      11 |       7 |  38.9
            +---------+---------+-------+---------+---------+-------
